[Event "ICC tourney 1994 (90 10)"]
[Site "Internet Chess Club"]
[Date "2020.09.06"]
[Round "4"]
[White "apapneja"]
[Black "esrosenberg"]
[Result "0-1"]
[ICCResult "White resigns"]
[WhiteElo "1988"]
[BlackElo "2233"]
[Opening "King's pawn game"]
[ECO "C44"]
[NIC "KP.07"]
[Time "15:31:40"]
[TimeControl "5400+10"]

1. e4 e5 2. Nf3 Nc6 3. d3 Nf6 4. g3 Bc5 5. Bg2 d6 6. O-O a6 7. Nc3 Be6 8. h3
h6 9. Nh4 Qd7 10. Nd5 Ne7 11. Nxf6+ gxf6 12. Qf3 Bxh3 13. Qxf6 Rg8 14. Kh2
Bxg2 15. Kxg2 O-O-O 16. Nf5 d5 17. Nxe7+ Bxe7 18. Qf5 Qxf5 19. exf5 h5 20.
Kh3 Bf6 21. c3 c5 22. f4 Rg4 23. Rf3 Rdg8 24. Bd2 h4 25. Be1 hxg3 26. Rxg3
Rh4+ 27. Kg2 Rgh8 28. Rf3 Rh2+ 29. Kg1 Rh1+ {White resigns} 0-1

[Event "ICC tourney 1994 (90 10)"]
[Site "Internet Chess Club"]
[Date "2020.09.06"]
[Round "4"]
[White "chessrani"]
[Black "Zippycollar"]
[Result "1-0"]
[ICCResult "Black forfeits on time"]
[WhiteElo "2015"]
[BlackElo "1819"]
[Opening "French: advance, Paulsen attack"]
[ECO "C02"]
[NIC "FR.03"]
[Time "15:31:56"]
[TimeControl "5400+10"]

1. e4 e6 2. d4 d5 3. e5 c5 4. c3 Nc6 5. Nf3 cxd4 6. cxd4 Bb4+ 7. Bd2 Qb6 8.
Bxb4 Qxb4+ 9. Qd2 Nh6 10. Nc3 a6 11. Be2 Nf5 12. a3 Qb6 13. Na4 Qa7 14. Rd1
b5 15. Nc3 Bd7 16. O-O Rc8 17. h3 Qb6 18. Qf4 h6 19. Kh2 Na5 20. Qg4 Qd8 21.
Bd3 h5 22. Qf4 Nc4 23. Bxf5 exf5 24. Nxd5 Be6 25. Ne3 Nxb2 26. d5 Nxd1 27.
Rxd1 Qe7 28. dxe6 fxe6 29. Ng5 O-O 30. Rd6 a5 31. Nxe6 {Black forfeits on
time} 1-0

[Event "ICC tourney 1994 (90 10)"]
[Site "Internet Chess Club"]
[Date "2020.09.06"]
[Round "4"]
[White "shianen"]
[Black "vedrau"]
[Result "1-0"]
[ICCResult "Black checkmated"]
[WhiteElo "2216"]
[BlackElo "2003"]
[Opening "QGD Slav defense: exchange variation"]
[ECO "D10"]
[NIC "SL.01"]
[Time "15:32:33"]
[TimeControl "5400+10"]

1. d4 d5 2. c4 c6 3. cxd5 cxd5 4. Nc3 Nf6 5. Bf4 Nc6 6. e3 a6 7. Be2 e6 8.
Nf3 Bd6 9. Ne5 Qc7 10. Nd3 O-O 11. Bxd6 Qxd6 12. f4 Na5 13. O-O b6 14. Ne5
Bb7 15. Qe1 Ne4 16. Nxe4 dxe4 17. Qg3 Rac8 18. Rac1 f6 19. Ng4 Kh8 20. h4
Nc6 21. h5 h6 22. a3 Ne7 23. Nf2 f5 24. Nh3 Rc7 25. Qe1 Rfc8 26. Qd2 Nd5 27.
Kf2 Qe7 28. g3 b5 29. Rxc7 Qxc7 30. g4 Qc2 31. Rd1 Nb6 32. g5 Na4 33. gxh6
gxh6 34. Qb4 Qc7 35. Rg1 Kh7 36. Rg6 Qd7 37. Qe1 Nxb2 38. Qg1 Rc2 39. Rxh6+
Kxh6 40. Qg6# {Black checkmated} 1-0

[Event "ICC tourney 1994 (90 10)"]
[Site "Internet Chess Club"]
[Date "2020.09.06"]
[Round "4"]
[White "canary2016"]
[Black "CARTERD253"]
[Result "0-1"]
[ICCResult "White resigns"]
[WhiteElo "2004"]
[BlackElo "2276"]
[Opening "QGD Slav: 3.Nf3"]
[ECO "D11"]
[NIC "QP.09"]
[Time "15:31:46"]
[TimeControl "5400+10"]

1. Nf3 d5 2. c4 c6 3. d4 Nf6 4. g3 e6 5. Nbd2 Nbd7 6. Bg2 Bd6 7. O-O O-O 8.
Qc2 Qe7 9. e4 Nxe4 10. Nxe4 dxe4 11. Qxe4 e5 12. Re1 f5 13. Qc2 e4 14. c5
Bc7 15. Bf1 Nf6 16. Bg5 h6 17. Bd2 Be6 18. Nh4 Qf7 19. Ng2 g5 20. b3 Rad8
21. Bc3 Bd5 22. Bb2 f4 23. Bc4 Rde8 24. Bxd5 cxd5 25. c6 Bd6 26. cxb7 Qxb7
27. Kh1 Qd7 28. gxf4 gxf4 29. Rg1 Kf7 30. Bc1 Qf5 31. Qc6 Ng4 32. Rf1 Re6
33. Qd7+ Kf6 34. h3 Qh5 35. h4 f3 36. Be3 fxg2+ 37. Kxg2 Rg8 38. Bg5+ hxg5
39. Rg1 Qxh4 {White resigns} 0-1

[Event "ICC tourney 1994 (90 10)"]
[Site "Internet Chess Club"]
[Date "2020.09.06"]
[Round "4"]
[White "espark"]
[Black "BlueJay01"]
[Result "1-0"]
[ICCResult "Black resigns"]
[WhiteElo "2312"]
[BlackElo "2088"]
[Opening "Ruy Lopez: 5.O-O"]
[ECO "C78"]
[NIC "RL.12"]
[Time "15:31:48"]
[TimeControl "5400+10"]

1. e4 e5 2. Nf3 Nc6 3. Bb5 a6 4. Ba4 Nf6 5. O-O b5 6. Bb3 Bc5 7. d3 d6 8. c3
O-O 9. Nbd2 h6 10. h3 Re8 11. Re1 Bb6 12. Nf1 Be6 13. Bxe6 Rxe6 14. Be3 d5
15. Bxb6 cxb6 16. Ng3 Ra7 17. Qc2 Rd7 18. Rad1 dxe4 19. dxe4 g6 20. Rxd7
Qxd7 21. Qc1 Kh7 22. Qe3 Qd8 23. Re2 Rd6 24. Rd2 Na5 25. b3 Rxd2 26. Nxd2
Qd6 27. Ngf1 Nb7 28. b4 Nd8 29. a3 Ne6 30. g3 Kg7 31. Nh2 Ng5 32. h4 Ne6 33.
Kg2 h5 34. f3 Nd7 35. Nhf1 Nf6 36. Kf2 Ng8 37. Ke2 Ne7 38. Qd3 Qxd3+ 39.
Kxd3 Kf8 40. Ne3 Ke8 41. Nd5 Nxd5 42. exd5 Ng7 43. Ke4 f6 44. f4 exf4 45.
Kxf4 Kd7 46. c4 bxc4 47. Nxc4 b5 48. Nd2 Kd6 49. Ne4+ Kxd5 50. Nxf6+ Kc4 51.
Kg5 Nf5 52. Nxh5 Kb3 53. Kxg6 Ne3 54. Nf6 Kxa3 55. h5 Kxb4 56. h6 Ka3 57. h7
b4 58. h8=Q b3 59. Qe8 Nc4 60. Qe7+ Ka2 61. Qe2+ b2 62. Qxc4+ Ka1 63. Qa4+
Kb1 {Black resigns} 1-0

[Event "ICC tourney 1994 (90 10)"]
[Site "Internet Chess Club"]
[Date "2020.09.06"]
[Round "4"]
[White "Openyagami"]
[Black "Jupiter435"]
[Result "0-1"]
[ICCResult "White resigns"]
[WhiteElo "2592"]
[BlackElo "2415"]
[Opening "QGD: exchange variation"]
[ECO "D35"]
[NIC "QO.16"]
[Time "15:31:47"]
[TimeControl "5400+10"]

1. c4 e6 2. Nc3 d5 3. d4 Nf6 4. cxd5 exd5 5. Bf4 c6 6. e3 Bf5 7. Nge2 Qb6 8.
Qc1 Be7 9. Ng3 Bg6 10. h4 h6 11. a3 Nbd7 12. Be2 O-O 13. O-O Rfe8 14. h5 Bh7
15. b4 Qd8 16. Qd1 Nf8 17. Bd3 Ne6 18. Be5 Bxd3 19. Qxd3 Ng4 20. Nf5 Bf8 21.
Bg3 Qg5 22. Bh4 Qxh5 23. f3 Nxe3 24. g4 Nf4 25. Qd2 Nh3+ 26. Kh2 Nxf1+ 27.
Rxf1 Qg6 28. Kxh3 a5 29. Ne2 axb4 30. axb4 h5 31. Nf4 hxg4+ 32. fxg4 Ra3+
33. Ng3 Qd6 34. Nd3 Qe6 35. Rf3 Ra1 36. Ne5 f6 37. Nd3 Bd6 38. Nc5 Qf7 39.
g5 Ree1 40. gxf6 b6 41. Nd3 Qe6+ 42. Nf5 Rh1+ 43. Kg4 Rag1+ 44. Bg3 g6 45.
Ne5 gxf5+ 46. Kg5 Bf8 47. Qc2 Bh6+ 48. Kg6 Bc1 49. Qxc1 Rxc1 50. Rxf5 Rh6+
51. Kxh6 Qxf5 52. f7+ Kf8 {White resigns} 0-1

[Event "ICC tourney 1994 (90 10)"]
[Site "Internet Chess Club"]
[Date "2020.09.06"]
[Round "4"]
[White "investigator"]
[Black "dopolian"]
[Result "0-1"]
[ICCResult "White resigns"]
[WhiteElo "2115"]
[BlackElo "2366"]
[Opening "English opening"]
[ECO "A30"]
[NIC "EO.36"]
[Time "15:31:41"]
[TimeControl "5400+10"]

1. c4 Nf6 2. Nf3 c5 3. g3 d5 4. cxd5 Nxd5 5. Bg2 Nc6 6. Nc3 Nc7 7. O-O e5 8.
Ne1 Be7 9. Bxc6+ bxc6 10. Nd3 f6 11. Qa4 Bd7 12. b3 Ne6 13. Ba3 Qb6 14. Rac1
Nd4 15. Rfe1 Nb5 16. Bb2 Bf5 17. Ne4 Nd4 18. Ndxc5 Bxc5 19. Nxc5 Nc2 20.
Rxc2 Bxc2 21. Qc4 Bf5 22. Ne6 Qb7 23. d4 e4 24. Ba3 Qd7 25. Nf4 h5 26. d5
cxd5 27. Nxd5 Rc8 28. Qb4 Be6 29. Ne7 Rc2 30. Ng6 Rg8 31. Ne7 Rh8 32. Ng6
Rg8 33. Ne7 Kf7 34. Qxe4 Rxa2 35. Qg6+ Kf8 36. Bb4 a5 37. Bc5 Bf7 38. Qe4
Rh8 39. Rc1 g5 40. Nf5+ Kg8 41. Bd6 Qe6 42. Ne7+ Kg7 43. Nf5+ Kh7 44. Qb1
Qxb3 45. Qe4 Qd5 46. Qb1 Qb3 47. Qe4 Qe6 48. Qb1 Re8 49. Rc7 Rxe2 50. Qb7
Re1+ 51. Kg2 Qe4+ 52. Qxe4 R8xe4 53. h3 Rd1 54. Be7 Kg6 55. Nd6 Rxe7
{White resigns}
0-1

[Event "ICC tourney 1994 (90 10)"]
[Site "Internet Chess Club"]
[Date "2020.09.07"]
[Round "5"]
[White "gmRohde"]
[Black "justinchess"]
[Result "1/2-1/2"]
[ICCResult "Game drawn by repetition"]
[WhiteElo "2469"]
[BlackElo "2393"]
[Opening "QGD: Semi-Tarrasch, 5.cd"]
[ECO "D41"]
[NIC "TD.08"]
[Time "11:01:59"]
[TimeControl "5400+10"]

1. Nf3 Nf6 2. c4 e6 3. Nc3 d5 4. d4 c5 5. cxd5 Nxd5 6. e4 Nxc3 7. bxc3 cxd4
8. cxd4 Bb4+ 9. Bd2 Bxd2+ 10. Qxd2 O-O 11. Bc4 Nd7 12. O-O b6 13. Rad1 Bb7
14. Rfe1 Rc8 15. Bb3 Re8 16. h3 Nf6 17. Qf4 Nh5 18. Qg4 Nf6 19. Qf4 Nh5 20.
Qg4 Nf6 21. Qf4 {Game drawn by repetition} 1/2-1/2

[Event "ICC tourney 1994 (90 10)"]
[Site "Internet Chess Club"]
[Date "2020.09.07"]
[Round "5"]
[White "TanitoluwaA"]
[Black "Kyle2007"]
[Result "1/2-1/2"]
[ICCResult "Game drawn by mutual agreement"]
[WhiteElo "2048"]
[BlackElo "2005"]
[Opening "Queen's pawn: London system"]
[ECO "A45"]
[NIC "QP.07"]
[Time "11:02:45"]
[TimeControl "5400+10"]

1. d4 Nf6 2. Bf4 e6 3. e3 d5 4. Bd3 Bd6 5. c3 O-O 6. Nf3 b6 7. Nbd2 Bb7 8.
O-O c5 9. Re1 Nc6 10. Bxd6 Qxd6 11. dxc5 bxc5 12. e4 Ne5 13. Nxe5 Qxe5 14.
Nf3 Qc7 15. e5 Ne4 16. Nd2 Nxd2 17. Qxd2 Rfd8 18. Rad1 a5 19. Qg5
{Game drawn by mutual agreement}
1/2-1/2

[Event "ICC tourney 1994 (90 10)"]
[Site "Internet Chess Club"]
[Date "2020.09.07"]
[Round "5"]
[White "HarleyQueen8"]
[Black "Goran21"]
[Result "1-0"]
[ICCResult "Black resigns"]
[WhiteElo "1870"]
[BlackElo "2057"]
[Opening "Benoni: pawn storm variation"]
[ECO "A66"]
[NIC "BI.38"]
[Time "11:01:58"]
[TimeControl "5400+10"]

1. d4 Nf6 2. c4 c5 3. d5 e6 4. Nc3 exd5 5. cxd5 d6 6. e4 g6 7. f4 Nbd7 8.
Nf3 Qe7 9. Qc2 a6 10. a4 Bg7 11. Be2 O-O 12. O-O Re8 13. Bd3 Rb8 14. Re1 Ng4
15. h3 Nh6 16. e5 dxe5 17. fxe5 c4 18. Bf1 Nf5 19. Bf4 Qc5+ 20. Kh1 b5 21.
e6 fxe6 22. dxe6 Ra8 23. exd7 Bxd7 24. axb5 axb5 25. Rxa8 Rxa8 26. Qd2 Bc6
27. Ne5 Bb7 28. Qd7 Nd6 29. Qe6+ Kh8 30. Nd7 Qf2 31. Bxd6 Bc6 32. Qe8+ Bf8
33. Be5+ Kg8 34. Qe6+ Qf7 35. Qxc6 Re8 36. Nf6+ {Black resigns} 1-0

[Event "ICC tourney 1994 (90 10)"]
[Site "Internet Chess Club"]
[Date "2020.09.07"]
[Round "5"]
[White "pianoboy"]
[Black "IAlwaysWin"]
[Result "1/2-1/2"]
[ICCResult "Game drawn by mutual agreement"]
[WhiteElo "1920"]
[BlackElo "2121"]
[Opening "QGD: classical variation (5.Bf4)"]
[ECO "D31"]
[NIC "QO.04"]
[Time "11:02:45"]
[TimeControl "5400+10"]

1. d4 d5 2. c4 e6 3. Nc3 Be7 4. Bf4 Nf6 5. Nf3 O-O 6. e3 Nbd7 7. Bd3 dxc4 8.
Bxc4 a6 9. O-O b5 10. Bd3 Bb7 11. a3 c5 12. dxc5 Nxc5 13. Bc2 Qb6 14. Qe2
Rfd8 15. Rfd1 Nfe4 16. Nxe4 Nxe4 17. Nd2 Nxd2 18. Rxd2 Bf6 19. Rad1 Bxb2 20.
Bxh7+ Kxh7 21. Rxb2 Qc6 22. f3 Rxd1+ 23. Qxd1 Qc5 24. Qc2+ Qxc2 25. Rxc2 Rc8
26. Rxc8 Bxc8 27. Bc7 Kg8 28. Kf2 Kf8 29. e4 Ke8 30. Ke3 Kd7 31. Ba5 Kc6 32.
g3 Kc5 33. h4 {Game drawn by mutual agreement} 1/2-1/2

[Event "ICC tourney 1994 (90 10)"]
[Site "Internet Chess Club"]
[Date "2020.09.07"]
[Round "5"]
[White "BreatheChessAls"]
[Black "imranchamp"]
[Result "1-0"]
[ICCResult "Black checkmated"]
[WhiteElo "1950"]
[BlackElo "1775"]
[Opening "Queen's pawn: London system"]
[ECO "A45"]
[NIC "QP.07"]
[Time "11:02:25"]
[TimeControl "5400+10"]

1. d4 Nf6 2. Bf4 g6 3. e3 d6 4. Nf3 Nh5 5. Bg5 h6 6. Bh4 g5 7. Nfd2 Ng7 8.
Bg3 Nf5 9. Bd3 e6 10. O-O Bg7 11. c3 Nd7 12. Na3 h5 13. e4 Nxg3 14. fxg3 a6
15. Qf3 Qe7 16. Nac4 b6 17. Ne3 Bb7 18. Rae1 f5 19. Nd5 exd5 20. exf5 Ne5
21. dxe5 Bxe5 22. Qd1 O-O-O 23. f6 Qf7 24. Nf3 Rdg8 25. Nxe5 dxe5 26. Rxe5
h4 27. Bf5+ Kb8 28. Be6 Qf8 29. Bxg8 hxg3 30. h3 d4 31. f7 Rxh3 32. Re8+ Ka7
33. Rxf8 Rh2 34. Qd2 dxc3 35. bxc3 b5 36. Qd4+ c5 37. Qxc5# {Black
checkmated} 1-0

[Event "ICC tourney 1994 (90 10)"]
[Site "Internet Chess Club"]
[Date "2020.09.07"]
[Round "5"]
[White "GutsyEdge"]
[Black "chessrani"]
[Result "0-1"]
[ICCResult "White resigns"]
[WhiteElo "2049"]
[BlackElo "2032"]
[Opening "QGD Slav: exchange variation"]
[ECO "D13"]
[NIC "SL.02"]
[Time "11:02:11"]
[TimeControl "5400+10"]

1. d4 d5 2. c4 c6 3. cxd5 cxd5 4. Nf3 Nf6 5. Nc3 Nc6 6. Bf4 e6 7. e3 a6 8.
Bd3 Be7 9. O-O Nh5 10. Be5 O-O 11. Nd2 Nf6 12. Bxf6 Bxf6 13. f4 Qb6 14. Rb1
Nxd4 15. Nf3 Nc6 16. Qe2 Bd7 17. Rbe1 Nb4 18. Ne5 Qd6 19. Nxd7 Qxd7 20. Bb1
Rad8 21. Rf3 g6 22. Rd1 Qe7 23. g4 Bg7 24. Rh3 d4 25. Ne4 dxe3 26. Rxd8 Rxd8
27. Rxe3 Bd4 28. g5 Nd5 {White resigns} 0-1

[Event "ICC tourney 1994 (90 10)"]
[Site "Internet Chess Club"]
[Date "2020.09.07"]
[Round "5"]
[White "Chessking2008"]
[Black "Openyagami"]
[Result "1/2-1/2"]
[ICCResult "Game drawn by mutual agreement"]
[WhiteElo "2191"]
[BlackElo "2596"]
[Opening "King's Indian: Kazakh variation"]
[ECO "E91"]
[NIC "KI.19"]
[Time "11:02:00"]
[TimeControl "5400+10"]

1. d4 Nf6 2. c4 g6 3. Nc3 Bg7 4. e4 d6 5. Nf3 O-O 6. Be2 Na6 7. O-O e5 8.
Qc2 exd4 9. Nxd4 Re8 10. Rd1 Nc5 11. f3 Nh5 12. Bf1 Be5 13. Qf2 a5 14. Be3
Nf4 15. Nd5 Nxd5 16. cxd5 Bd7 17. Rac1 f5 18. exf5 gxf5 19. f4 Bf6 20. Qf3
Qe7 21. Bf2 Qg7 22. Bb5 Bxb5 23. Nxb5 Bxb2 24. Rc2 Re7 25. Nd4 Bxd4 26. Bxd4
Qg6 27. Bxc5 dxc5 28. Rxc5 Rae8 29. Rc2 Qb6+ 30. Kf1 Qb5+ 31. Kf2 Qb6+ 32.
Kf1 Re3 33. Qh5 R3e7 34. Qg5+ Kh8 35. Qxf5 Re4 36. d6 Qa6+ 37. Kf2 Re2+ 38.
Kg3 R2e3+ 39. Kf2 Re2+ {Game drawn by mutual agreement} 1/2-1/2

[Event "ICC tourney 1994 (90 10)"]
[Site "Internet Chess Club"]
[Date "2020.09.07"]
[Round "5"]
[White "mopaska1106"]
[Black "BirchRun"]
[Result "1-0"]
[ICCResult "Black resigns"]
[WhiteElo "2039"]
[BlackElo "1886"]
[Opening "QGD: Charousek (Petrosian) variation"]
[ECO "D31"]
[NIC "QO.04"]
[Time "11:02:09"]
[TimeControl "5400+10"]

1. d4 d5 2. c4 e6 3. Nc3 Be7 4. Bf4 Nf6 5. e3 O-O 6. Nf3 b6 7. cxd5 exd5 8.
Bd3 Bb7 9. O-O c6 10. Rc1 Nbd7 11. Qe2 c5 12. Ba6 Qc8 13. Bxb7 Qxb7 14. b3
a6 15. Rfd1 Rfd8 16. Nh4 Nf8 17. Nf5 Ng6 18. Bg3 Bf8 19. dxc5 Bxc5 20. Na4
Ne4 21. Qb2 f6 22. b4 Nxg3 23. hxg3 Bf8 24. Qb3 Qd7 25. Nd4 Qd6 26. Nc6 Qe6
27. Nxb6 Rd6 28. Nxa8 Rxc6 29. Nc7 {Black resigns} 1-0

[Event "ICC tourney 1994 (90 10)"]
[Site "Internet Chess Club"]
[Date "2020.09.07"]
[Round "5"]
[White "Aniketshukla"]
[Black "WR3311"]
[Result "1-0"]
[ICCResult "Black resigns"]
[WhiteElo "2018"]
[BlackElo "1851"]
[Opening "Sicilian: Najdorf, Byrne (English) attack"]
[ECO "B85"]
[NIC "SI.14"]
[Time "11:02:45"]
[TimeControl "5400+10"]

1. e4 c5 2. Nf3 d6 3. d4 cxd4 4. Nxd4 Nf6 5. Nc3 a6 6. Be3 e6 7. Be2 Be7 8.
O-O O-O 9. f4 Qc7 10. Bf3 Nc6 11. Nb3 b5 12. a3 Bb7 13. Qe1 Rfd8 14. Qf2 Nd7
15. Rad1 Rac8 16. Bg4 Ncb8 17. Nd4 Nc5 18. Bf3 Nc6 19. g4 Nxd4 20. Bxd4 e5
21. Be3 Ne6 22. f5 Nc5 23. Qg2 f6 24. h4 Kh8 25. Kh2 Nd7 26. Rf2 Nb6 27. Rg1
Nc4 28. Bc1 Rg8 29. g5 g6 30. h5 gxf5 31. g6 Bf8 32. exf5 Bxf3 33. Rxf3 h6
34. Nd5 Qd8 35. Rg3 Bg7 36. Bxh6 {Black resigns} 1-0

[Event "ICC tourney 1994 (90 10)"]
[Site "Internet Chess Club"]
[Date "2020.09.07"]
[Round "5"]
[White "Sricharan07"]
[Black "playerlucky"]
[Result "1-0"]
[ICCResult "Black resigns"]
[WhiteElo "1915"]
[BlackElo "1899"]
[Opening "French: Tarrasch, closed variation, main line"]
[ECO "C06"]
[NIC "FR.17"]
[Time "11:02:45"]
[TimeControl "5400+10"]

1. e4 e6 2. d4 d5 3. Nd2 Nf6 4. e5 Nfd7 5. Bd3 c5 6. c3 Nc6 7. Ne2 cxd4 8.
cxd4 f6 9. exf6 Nxf6 10. O-O Bd6 11. Nf3 O-O 12. Bf4 Ne4 13. Bxd6 Qxd6 14.
Ng3 Nxg3 15. hxg3 e5 16. dxe5 Nxe5 17. Nxe5 Qxe5 18. Qb3 b6 19. Rae1 Qd6 20.
Qc3 Bb7 21. Qd4 Rac8 22. Qh4 h6 23. Qg4 d4 24. Re6 Qd5 25. Be4 Qd7 26. Bxb7
Qxb7 27. Rxh6 Qf7 28. Rd6 Rc7 29. a3 Qb3 30. Qxd4 Rc4 31. Qd5+ Kh8 32. Rc6
b5 33. Rxc4 bxc4 34. Qd4 a6 35. Re1 Qc2 36. Re4 Qd3 37. Qxd3 cxd3 38. Rd4
Rb8 39. b4 a5 40. Rxd3 axb4 41. Rb3 Kg8 42. axb4 Kf7 43. b5 Ke6 44. b6 Kd6
45. b7 Kc7 46. Kh2 Rh8+ 47. Kg1 Kb8 48. f3 Rd8 49. g4 Rd2 50. Kh2 Rc2 51.
Kh3 Rf2 52. g3 g5 53. f4 gxf4 54. gxf4 Rxf4 55. Kg3 Rf7 56. g5 Rf1 57. Kg4
Rg1+ 58. Kh5 Rh1+ 59. Kg6 Rg1 60. Kf6 Rf1+ 61. Kg7 Rf5 62. g6 Rg5 63. Kh7
Rh5+ 64. Kg8 Rg5 65. g7 Rg4 66. Rb5 Rg3 67. Kf7 Rf3+ 68. Kg6 Rg3+ 69. Rg5
{Black resigns}
1-0

[Event "ICC tourney 1994 (90 10)"]
[Site "Internet Chess Club"]
[Date "2020.09.07"]
[Round "5"]
[White "ThunderingFish"]
[Black "RagingKnightNC"]
[Result "0-1"]
[ICCResult "White checkmated"]
[WhiteElo "1906"]
[BlackElo "2104"]
[Opening "Réti: King's Indian attack"]
[ECO "A05"]
[NIC "QP.11"]
[Time "11:01:57"]
[TimeControl "5400+10"]

1. Nf3 Nf6 2. g3 g6 3. Bg2 Bg7 4. O-O O-O 5. d3 d6 6. c4 e5 7. Nc3 Nc6 8.
Bd2 Nd4 9. e3 Nxf3+ 10. Bxf3 Be6 11. Qc2 d5 12. cxd5 Nxd5 13. Nxd5 Bxd5 14.
Bxd5 Qxd5 15. e4 Qd7 16. Be3 b6 17. b4 f5 18. Qc4+ Kh8 19. f3 f4 20. Bf2
fxg3 21. Bxg3 Rad8 22. Rad1 Qd4+ 23. Kg2 Rd7 24. Rc1 Qe3 25. Qe6 Rxd3 26.
Rxc7 Rd2+ 27. Kh1 Qe2 28. Rf2 Qd1+ 29. Kg2 Rxf2+ 30. Kh3 Qxf3 31. Rxg7 Qh5+
32. Bh4 R8f3# {White checkmated} 0-1

[Event "ICC tourney 1994 (90 10)"]
[Site "Internet Chess Club"]
[Date "2020.09.07"]
[Round "5"]
[White "town"]
[Black "ShadowApt"]
[Result "0-1"]
[ICCResult "White resigns"]
[WhiteElo "2134"]
[BlackElo "2117"]
[Opening "Sicilian: Najdorf, Byrne (English) attack"]
[ECO "B90"]
[NIC "SI.14"]
[Time "11:01:55"]
[TimeControl "5400+10"]

1. e4 c5 2. Nf3 d6 3. d4 cxd4 4. Nxd4 Nf6 5. Nc3 a6 6. Be3 e5 7. Nb3 Be7 8.
f3 Be6 9. Qd2 O-O 10. O-O-O Nbd7 11. g4 b5 12. g5 Nh5 13. Kb1 b4 14. Ne2 a5
15. Ng3 a4 16. Nc1 g6 17. Nxh5 gxh5 18. f4 exf4 19. Bxf4 b3 20. c3 bxa2+ 21.
Ka1 Nc5 22. Qd4 Rb8 23. Bc4 Qc7 24. Bxe6 Nxe6 25. Bxd6 a3 26. Nxa2 Nxd4 27.
Bxc7 Nc2+ 28. Kb1 Rxb2+ 29. Kc1 Bxg5+ 30. Rd2 Na1 31. h4 Bxd2+ 32. Kd1 Rb1+
33. Kxd2 Rxh1 {White resigns} 0-1

[Event "ICC tourney 1994 (90 10)"]
[Site "Internet Chess Club"]
[Date "2020.09.07"]
[Round "5"]
[White "hushboy"]
[Black "Ben1927829"]
[Result "1-0"]
[ICCResult "Black resigns"]
[WhiteElo "1925"]
[BlackElo "1843"]
[Opening "King's Indian: 5.Nf3"]
[ECO "E90"]
[NIC "KI.20"]
[Time "11:02:04"]
[TimeControl "5400+10"]

1. d4 Nf6 2. c4 g6 3. Nc3 Bg7 4. e4 d6 5. Nf3 O-O 6. h3 e5 7. d5 a5 8. Be3
Na6 9. Be2 Ne8 10. g4 Nc5 11. Rg1 f5 12. gxf5 gxf5 13. Bg5 Qd7 14. Nd2 fxe4
15. Ndxe4 Nxe4 16. Nxe4 Qxh3 17. Qc2 Bf5 18. O-O-O Bxe4 19. Qxe4 Qf5 20. Qh1
e4 21. f4 a4 22. Bg4 Qg6 23. Be6+ Kh8 24. Be7 Bxb2+ 25. Kxb2 a3+ 26. Kc1
Qxg1 27. Rxg1 Ra4 28. Bxf8 Rxc4+ 29. Kb1 Rb4+ 30. Ka1 {Black resigns} 1-0

[Event "ICC tourney 1994 (90 10)"]
[Site "Internet Chess Club"]
[Date "2020.09.07"]
[Round "5"]
[White "Heliosis"]
[Black "Yooper"]
[Result "1-0"]
[ICCResult "Black checkmated"]
[WhiteElo "1890"]
[BlackElo "1994"]
[Opening "Sicilian: Nimzovich-Rossolimo attack (with ...g6, without ...d6)"]
[ECO "B31"]
[NIC "SI.31"]
[Time "11:01:56"]
[TimeControl "5400+10"]

1. e4 c5 2. Nf3 Nc6 3. Bb5 g6 4. Bxc6 dxc6 5. d3 Bg7 6. O-O Nf6 7. Re1 O-O
8. Nc3 Qc7 9. Be3 b6 10. h3 Bb7 11. Qd2 Rad8 12. Bh6 c4 13. Bxg7 Kxg7 14. e5
Ng8 15. d4 b5 16. Qf4 Qb6 17. Ne4 Bc8 18. Nc5 Be6 19. Nxe6+ fxe6 20. Qg4 Rf5
21. Ng5 Rxg5 22. Qxg5 Rxd4 23. Rad1 c5 24. c3 Rd3 25. Qg4 Nh6 26. Qe4 Qd8
27. Rxd3 cxd3 28. c4 a6 29. Rd1 Qa5 30. Qxd3 Qxa2 31. cxb5 c4 32. Qd8 axb5
33. Qxe7+ Nf7 34. Rd7 Qb1+ 35. Kh2 Qf5 36. Qh4 Qxe5+ 37. f4 Qxb2 38. Qg3 b4
39. Qe3 Qf6 40. Qe4 g5 41. fxg5 Qxg5 42. Qxc4 Qe5+ 43. Kg1 Qe3+ 44. Kf1 Qb6
45. Qg4+ Kf8 46. Qf3 Qb5+ 47. Qd3 Qc6 48. Qd1 Qb5+ 49. Kg1 b3 50. Rd2 Ne5
51. Rd8+ Ke7 52. Qd6+ Kf6 53. Rf8+ Kg7 54. Qe7+ Kg6 55. Qf6+ Kh5 56. g4+
Nxg4 57. hxg4+ Kxg4 58. Rg8+ Kh3 59. Qh6+ Qh5 60. Qxh5# {Black checkmated}
1-0

[Event "ICC tourney 1994 (90 10)"]
[Site "Internet Chess Club"]
[Date "2020.09.07"]
[Round "5"]
[White "wangfang75"]
[Black "joeandjoe56"]
[Result "0-1"]
[ICCResult "White resigns"]
[WhiteElo "1856"]
[BlackElo "1833"]
[Opening "Ruy Lopez: Morphy defense"]
[ECO "C77"]
[NIC "RL.12"]
[Time "11:02:04"]
[TimeControl "5400+10"]

1. e4 e5 2. Nf3 Nc6 3. Bb5 a6 4. Ba4 Nf6 5. c3 Nxe4 6. Qe2 Nc5 7. Bxc6 dxc6
8. d4 Ne6 9. Nxe5 Be7 10. f4 O-O 11. f5 f6 12. Nxc6 bxc6 13. fxe6 Qd5 14.
O-O c5 15. Qf3 Bb7 16. Qxd5 Bxd5 17. Re1 Bd6 18. dxc5 Bxc5+ 19. Kh1 Rfe8 20.
Bf4 c6 21. b4 Bf8 22. Nd2 Bxe6 23. Re3 Bf7 24. a3 g5 25. Rg3 Kh8 26. Be3 Bd6
27. Rf3 Bd5 28. Rxf6 Be5 29. Rf2 Bxc3 30. Re1 Re6 31. Ree2 Rae8 32. Nf1 Kg8
33. Rc2 Rxe3 34. Nxe3 Rxe3 35. Rf1 Bg7 36. Rcc1 Rxa3 37. Rce1 h6 38. Re8+
Kh7 39. Re7 Ra2 40. Rg1 Kg6 {White resigns} 0-1

[Event "ICC tourney 1994 (90 10)"]
[Site "Internet Chess Club"]
[Date "2020.09.07"]
[Round "5"]
[White "Monkeybomb3605"]
[Black "investigator"]
[Result "1-0"]
[ICCResult "Black resigns"]
[WhiteElo "2023"]
[BlackElo "2101"]
[Opening "Pirc: classical (two knights) system"]
[ECO "B08"]
[NIC "PU.10"]
[Time "11:01:52"]
[TimeControl "5400+10"]

1. e4 d6 2. d4 Nf6 3. Nc3 g6 4. Nf3 Bg7 5. Be3 a6 6. a4 O-O 7. h3 Nc6 8. Bc4
e5 9. dxe5 dxe5 10. O-O Qe7 11. Qe2 Be6 12. Rfd1 Rfd8 13. Nd5 Bxd5 14. exd5
Na5 15. Ba2 b5 16. Bd2 b4 17. Qxe5 Qxe5 18. Nxe5 Nxd5 19. Nxf7 Kxf7 20. Bxb4
c6 21. Bxa5 Rd7 22. c4 Nf6 23. Rxd7+ Nxd7 24. Rd1 Nc5 25. b4 Nxa4 26. Rd7+
Kf8 27. c5 Re8 28. g3 Re7 29. Rd6 Bc3 30. Rxc6 Re2 31. Bb3 Nb2 32. Rd6 Ke7
33. Rxa6 Nd3 34. Bc4 Bd4 35. Bxd3 Rxf2 36. Rd6 Be3 37. Kh1 {Black resigns}
1-0

[Event "ICC tourney 1994 (90 10)"]
[Site "Internet Chess Club"]
[Date "2020.09.07"]
[Round "5"]
[White "agpil"]
[Black "OneEverest"]
[Result "0-1"]
[ICCResult "White checkmated"]
[WhiteElo "1852"]
[BlackElo "2035"]
[Opening "Ruy Lopez: Berlin defense, open variation"]
[ECO "C67"]
[NIC "RL.07"]
[Time "11:02:01"]
[TimeControl "5400+10"]

1. e4 e5 2. Nf3 Nc6 3. Bb5 Nf6 4. O-O Nxe4 5. d4 Nd6 6. Bxc6 dxc6 7. dxe5
Nf5 8. Qxd8+ Kxd8 9. Bg5+ Ke8 10. Nc3 h6 11. Bf4 Be6 12. Rad1 Be7 13. Nd4
Nxd4 14. Rxd4 Bf5 15. Rd2 Bb4 16. Re2 Bxc3 17. bxc3 Be6 18. Re4 Bxa2 19. Ra4
Be6 20. Rb1 b6 21. Rba1 a5 22. c4 Ra6 23. Bg3 Ke7 24. f4 Rha8 25. Bh4+ Ke8
26. c5 b5 27. Rd4 Rc8 28. h3 Kf8 29. g4 Bd5 30. f5 Re8 31. Bg3 a4 32. Ra3
Raa8 33. h4 Rad8 34. g5 hxg5 35. hxg5 Ke7 36. Kf2 Bc4 37. Rxd8 Rxd8 38. Bh4
Rd4 39. Kg3 g6 40. fxg6 fxg6 41. Kh3 Be6+ 42. Kg3 Rc4 43. c3 Rxc5 44. Kf3
Rxe5 45. Bg3 Rf5+ 46. Ke4 Kd7 47. Bf4 c5 48. Bd2 Kc6 49. Bf4 Bb3 50. Bd2 Rd5
51. Bf4 b4 52. cxb4 cxb4 53. Ra1 Rd1 54. Be5 Rxa1 55. Bxa1 Kb5 56. Ke5 c5
57. Kf6 Bc2 58. Ke5 Kc4 59. Bb2 a3 60. Ba1 b3 61. Kf6 b2 62. Bxb2 axb2 63.
Kg7 b1=Q 64. Kh6 Kd5 65. Kh7 Ke6 66. Kh6 Kf7 67. Kh7 Qb8 68. Kh6 Qh8#
{White checkmated}
0-1